 Dungeon Crawl Stone Soup version 0.20.1 (webtiles) character file.

52 polve the Skirmisher (level 3, 0/42 HPs)
             Began as an Ogre Hunter on July 2, 2017.
             Succumbed to an adder's poison
             ... on level 2 of the Dungeon.
             The game lasted 00:01:48 (2014 turns).

polve the Skirmisher (Ogre Hunter)                  Turns: 2014, Time: 00:01:48

Health: 0/42       AC:  3    Str: 16    XL:     3   Next: 85%
Magic:  3/3        EV: 10    Int: 17    God:
Gold:   93         SH:  0    Dex: 10    Spells: 2/2 levels left

rFire    . . .     SeeInvis .   a - +0 short sword
rCold    . . .     Gourm    .   (no shield)
rNeg     . . .     Faith    .   b - +0 robe
rPois    .         Spirit   .   (helmet restricted)
rElec    .         Reflect  .   (no cloak)
rCorr    .         Harm     .   (gloves unavailable)
MR       .....                  (boots unavailable)
Stlth    +.........             (no amulet)
Regen    0.2/turn               (no ring)
MPRegen  0.1/turn               (no ring)

@: brilliant, lethally poisoned (0 -> -1), very slightly contaminated, invisible
A: unfitting armour, tough skin 1
a: no special abilities


You were on level 2 of the Dungeon.
You were not hungry.

You visited 1 branch of the dungeon, and saw 2 of its levels.

You collected 93 gold pieces.

Inventory:

Hand Weapons
 a - a +0 short sword (weapon)
Missiles
 c - a large rock (quivered)
 d - 2 throwing nets
Armour
 b - a +0 robe (worn)
Scrolls
 e - a scroll of remove curse {unknown}
 h - 2 scrolls of teleportation {unknown}
 i - 2 scrolls of identify {unknown}
 j - 2 scrolls of enchant weapon {unknown}
Comestibles
 f - a bread ration
 l - a fruit


   Skills:
 + Level 5.3 Fighting
 - Level 4.0 Throwing
 - Level 1.7 Dodging
 - Level 0.6 Stealth


You had 2 spell levels left.
You didn't know any spells.

Dungeon Overview and Level Annotations

Branches:
Dungeon (2/15)

Altars:
Cheibriados
Kikubaaqudgha


Innate Abilities, Weirdness & Mutations

You are too large for most types of armour.
You have tough skin. (AC +1)


Message History

It was a potion of invisibility.
You fade into invisibility!
You are very lightly contaminated with residual magic.
It was a potion of brilliance.
You feel clever all of a sudden.
There is a lethal amount of poison in your body!
There is a lethal amount of poison in your body!
There is a lethal amount of poison in your body!
There is a lethal amount of poison in your body!
There is a lethal amount of poison in your body!
There is a lethal amount of poison in your body!
* * * LOW HITPOINT WARNING * * *
You feel sick.
* * * LOW HITPOINT WARNING * * *
You feel sick.
* * * LOW HITPOINT WARNING * * *
You feel sick.
* * * LOW HITPOINT WARNING * * *
You feel sick.
You die...

#. #≈≈≈≈≈...# #.
#≈≈≈...# ###.###
#####..# )# #.....#
#..###.# . #.....#
#...##.#
..#.....###.#
#...##.#
............#
#w...#.#
#.....#######
#....#.#
##(..†.(@...#
#......#
##..######.###......#
..... #..........####
...$..#
###.#.##.......
####.. #...##...####
#.# #..####(..# #.
#..# #.÷.# #.
#.#####...#
..........#


There were no monsters in sight!

Vanquished Creatures
  An adder (D:2)
  A worm (D:2)
  A dart slug (D:1)
  2 leopard geckos
  2 ball pythons
  A bat (D:1)
  3 giant cockroaches (D:1)
  5 goblins
  2 hobgoblins (D:1)
  4 jackals (D:1)
  4 kobolds
  A quokka (D:2)
  2 frilled lizards (D:1)
  6 rats
35 creatures vanquished.

Notes
Turn   | Place    | Note
-------+----------+-------------------------------------------
     0 | D:1      | polve the Ogre Hunter began the quest for the Orb.
     0 | D:1      | Reached XP level 1. HP: 22/22 MP: 1/1
   112 | D:1      | Reached skill level 3 in Fighting
   268 | D:1      | Reached XP level 2. HP: 13/31 MP: 2/2
   671 | D:1      | Reached skill level 4 in Fighting
  1087 | D:1      | Reached XP level 3. HP: 29/40 MP: 3/3
  1501 | D:2      | Found an ancient bone altar of Kikubaaqudgha.
  1711 | D:2      | Reached skill level 5 in Fighting
  1797 | D:2      | Found a snail-covered altar of Cheibriados.
  1999 | D:2      | HP: 2/42 [poisoned by an adder]
  2006 | D:2      | HP: 1/42 [poisoned by an adder]
  2014 | D:2      | Succumbed to an adder's poison

Skill      XL: |  1  2  3 |
---------------+----------+-----
Fighting       | 3 4 5 |  5.3
Throwing       | |  4.0
Dodging        | |  1.7
Stealth        | |  0.6

Action                   || total
-------------------------++-------
Melee: Short sword       ||   153
Throw: Large rock        ||     6
  Use: Potion            ||     2
  Eat: Chunk             ||     4
Armor: Robe              ||    41
Dodge: Dodged            ||    92
